 Dungeon Crawl Stone Soup version 0.32-a0-128-g77eb882913 (webtiles) character file.

Game seed: 10973679544598263815

31 freelancePsychic the Charlatan (level 3, -1/29 HPs)
             Began as a Draconian Wanderer on Feb 7, 2024.
             Was an Initiate of Yredelemnul.
             Slain by an orc
             ... wielding a +0 flail
              (8 damage)
             ... on level 2 of the Dungeon.
             The game lasted 00:02:53 (834 turns).

freelancePsychic the Charlatan (Draconian Wanderer)  Turns: 834, Time: 00:02:53

Health: -1/29      AC:  5    Str: 15    XL:     3   Next: 7%
Magic:  4/4        EV:  7    Int: 10    God:    Yredelemnul [......]
Gold:   33         SH:  4    Dex: 13    Spells: 4/4 levels left

rFire   . . .        c - +0 dagger
rCold   . . .        b - +0 buckler
rNeg    . . .        (body armour unavailable)
rPois   .            (helmet restricted)
rElec   .            (no cloak)
rCorr   .            (no gloves)
SInv    .            (no boots)
Will    .....        (no amulet)
Stlth   +            (no ring)
HPRegen 0.24/turn    (no ring)
MPRegen 0.09/turn

%: no passive effects
@: constricted
A: AC +5, unfitting armour, cold-blooded
a: Renounce Religion, Recall Undead Harvest


You were on level 2 of the Dungeon.
You worshipped Yredelemnul.
Yredelemnul was noncommittal.
You visited 1 branch of the dungeon, and saw 2 of its levels.

You collected 33 gold pieces.

Inventory:

Hand Weapons
 a - a +0 club
 c - a +0 dagger (weapon)
Armour
 b - a +0 buckler (worn)
Wands
 d - a wand of iceblast (1) (quivered)
Scrolls
 g - 3 scrolls of blinking {unknown}
 h - a scroll of enchant armour {unknown}
 i - a scroll of noise {unknown}
 j - a scroll of enchant weapon {unknown}
 k - 2 scrolls of teleportation {unknown}
 m - a scroll of poison {unknown}
Potions
 e - 2 potions of lignification {unknown}
 f - a potion of brilliance {unknown}
 l - a potion of attraction {unknown}
 n - a potion of enlightenment {unknown}


   Skills:
 + Level 2.0 Fighting
 - Level 1.7 Short Blades
 + Level 0.1 Polearms
 - Level 1.0 Throwing
 - Level 1.0 Shields
 - Level 1.0 Spellcasting
 - Level 2.0 Conjurations
 + Level 0.1 Invocations
 - Level 5.0 Evocations


You had 4 spell levels left.
You didn't know any spells.
Your spell library contained the following spells:

 Spells                   Type           Power      Damage    Failure   Level
 Searing Ray              Conj           8%         2d4       30%         2
 Static Discharge         Conj/Air       4%         3-4/arc   43%         2


Dungeon Overview and Level Annotations

Branches:
Dungeon (2/15)

Altars:
Yredelemnul


Innate Abilities, Weirdness & Mutations

Your plain brown scales are hard. (AC +5)
You cannot fit into any form of body armour.
You are cold-blooded and may be slowed by cold attacks.


Message History

The ball python bites you. The ball python constricts you.
The orc hits you with a +0 flail. Something hits you but does no damage.
The ball python bites you. The ball python constricts you.
You barely miss the ball python.
The ball python is heavily wounded.
Your endoplasm zombie hits the orc.
The ball python bites you but does no damage.
The ball python constricts you. The orc hits you with a +0 hand axe.
The orc hits your kobold zombie with a +0 hand axe.
The orc hits your endoplasm zombie with a +0 hand axe.
You block something's attack. The orc hits you with a +0 flail.
The orc hits you but does no damage.
You barely miss the ball python.
The ball python is heavily wounded.
Your kobold zombie hits the orc.
Your endoplasm zombie hits the orc.
The ball python barely misses you. The ball python constricts you.
You block the orc's attack.
The orc hits your kobold zombie with a +0 hand axe.
Your kobold zombie is destroyed!
The orc hits your endoplasm zombie with a +0 hand axe.
You closely miss the ball python.
Your tail-slap misses the ball python.
The ball python is heavily wounded.
You block the orc's attack. Something hits you but does no damage.
The orc hits you with a +0 hand axe.
The ball python bites you but does no damage.
The ball python constricts you.
Your endoplasm zombie completely misses the orc.
You barely miss the ball python.
The ball python is heavily wounded.
The orc hits you with a +0 hand axe.
The orc hits your quokka zombie with a +0 hand axe.
The orc hits your endoplasm zombie with a +0 hand axe.
Your endoplasm zombie is destroyed!
The orc hits you with a +0 hand axe.
* * * LOW HITPOINT WARNING * * *
Something hits you.
* * * LOW HITPOINT WARNING * * *
The orc hits you with a +0 flail!
You die...
Your body rises from the dead as a mindless zombie.

#....# #...............#.
#...[##########...#######
#....)...................
###...Z##########...#####.#
#.........# #...# #...#
#.#######.# ##...###.### #
######Z### #...........
........o{# #...........
........S@# #...........
........oo# #...........
..........# ############
..........# #######...[
######


You could see 3 orcs, a ball python (ally target), a friendly rat zombie and a
friendly quokka zombie.

Vanquished Creatures
  5 endoplasms
  A giant cockroach (D:1)
  2 goblins (D:1)
  2 hobgoblins (D:1)
  4 quokkas
  2 ball pythons (D:1)
  2 bats (D:1)
  3 frilled lizards (D:1)
  3 kobolds
  4 rats
28 creatures vanquished.

Vanquished Creatures (collateral kills)
  A goblin (D:1)
1 creature vanquished.

Vanquished Creatures (others)
  An endoplasm zombie (D:2)
  A kobold zombie (D:2)
2 creatures vanquished.

Grand Total: 31 creatures vanquished

Notes
Turn   | Place    | Note
-------+----------+-------------------------------------------
     0 | D:1      | freelancePsychic the Draconian Wanderer began the quest for
                  | the Orb.
     0 | D:1      | freelancePsychic set off with the following items: a +0
                  | club, a +0 buckler, a potion of might, a wand of iceblast
                  | (3); and the following spells available to memorise:
                  | Searing Ray, Static Discharge.
     0 | D:1      | Reached XP level 1. HP: 14/14 MP: 2/2
   103 | D:1      | Reached skill level 1 in Fighting
   103 | D:1      | Reached skill level 1 in Short Blades
   103 | D:1      | Reached XP level 2. HP: 14/23 MP: 3/3
   454 | D:1      | Found a faded altar of an unknown god.
   463 | D:1      | Prayed at the altar of an unknown god.
   463 | D:1      | Became a worshipper of Yredelemnul the Dark
   463 | D:1      | Reached * piety under Yredelemnul
   648 | D:2      | Reached XP level 3. HP: 25/29 MP: 4/4
   834 | D:2      | Slain by an orc

Illustrated notes

Levels and vault maps discovered:
D:1:      ncdulo_lavacross, layout_basic,
          dreamdust_ecumenical_altar_angels_and_demons
D:2:      layout_basic, basic_altar

Skill      XL: |  1  2 |
---------------+-------+-----
Fighting       | 1 2 |  2.0
Short Blades   | 1 |  1.7
Polearms       | |  0.1
Throwing       | |  1.0
Shields        | |  1.0
Spellcasting   | |  1.0
Conjurations   | |  2.0
Invocations    | |  0.1
Evocations     | |  5.0

Action                     || total
---------------------------++-------
  Melee: Club              ||    25
         Tailslap          ||     7
         Dagger            ||    56
  Evoke: Wand              ||     2
    Use: Potion            ||     1
   Stab: Sleeping          ||     3
 Armour: Skin              ||    58
  Dodge: Dodged            ||    41
  Block: Buckler           ||    16

Table legend: (Time is in decaauts)
 A = Elapsed time spent in this place.
 B = Non-inter-level travel time spent in this place.
 C = Inter-level travel time spent in this place.
 D = Time resting spent in this place.
 E = Time spent auto-exploring this place.
 F = Levels seen in this place.
 G = Mean time per level.
                   A        B        C        D        E       F      G
               +--------+--------+--------+--------+--------+-----+--------+
         Total |    843 |    833 |     10 |     53 |    577 |   2 |  421.5 |
       Dungeon |    843 |    833 |     10 |     53 |    577 |   2 |  421.5 |
               +--------+--------+--------+--------+--------+-----+--------+

Top non-repeatable levels by time:
     D:1: 622 daAuts
     D:2: 221 daAuts
